 Dungeon Sprint DCSS version 0.22-a0-354-g30dfbe6 (webtiles) character file.

526805 KristoblXynda the Invulnerable (level 20, 201/216 HPs)
             Began as a Minotaur Fighter on Apr 16, 2018.
             Was the Champion of Qazlal.
             Escaped with the Orb!
             The game lasted 00:25:02 (2933 turns).

KristoblXynda the Invulnerable (Minotaur Fighter)   Turns: 2933, Time: 00:25:02

Health: 201/216    AC: 39    Str: 35    XL:     20   Next: 18%
Magic:  34/34      EV: 31    Int:  8    God:    Qazlal [******]
Gold:   0          SH: 34    Dex: 26    Spells: 60/60 levels left

rFire    + + .     SeeInvis +   o - +9 broad axe (vamp)
rCold    . . .     Gourm    .   n - +3 shield
rNeg     . . .     Faith    .   l - +5 gold dragon scales
rPois    +         Spirit   .   K - +1 hat {MR+}
rElec    +         Reflect  +   (no cloak)
rCorr    .         Harm     .   M - +2 pair of gloves {Str+3}
MR       ++...     NoTele   +   F - +0 pair of boots {run}
Stlth    ..........             J - amulet of Huwaceah {Reflect rElec MP-9 Dex+6 SH+2 SInv}
HPRegen  0.46/turn              N - ring of Beov {*Drain rPois rF+ Dex+4 SInv}
MPRegen  0.24/turn              I - ring "Baockuor" {+Inv rElec rC- Str+6 Dex+5 SInv}

@: studying 6 skills, repel missiles, quick
A: retaliatory headbutt, horns 2
0: Orb of Zot
a: Upheaval, Elemental Force, Disaster Area, Renounce Religion, Evoke
Invisibility


You escaped.
You worshipped Qazlal.
Qazlal was exalted by your worship.
You were not hungry.

You visited 1 branch

Inventory:

Hand Weapons
 o - a +9 vampiric broad axe (weapon)
 z - the +9 war axe "Tormentor" {holy, MP-9 Str+4}
   (You took it off a merfolk in the Dungeon)

   It has been blessed by the Shining One to cause great damage to the undead
   and demons.
   It affects your strength (+4).
   It affects your magic capacity (-9).
Armour
 l - +5 gold dragon scales (worn)
 n - a +3 shield (worn)
 F - a +0 pair of boots of running (worn)
 K - a +1 hat of magic resistance (worn)
 M - a +2 pair of gloves of strength (worn)
Jewellery
 E - the ring of Paso Yce {-Tele rPois MR+ SInv}
   (You took it off a skeletal warrior in the Dungeon)

   [ring of see invisible]

   It protects you from poison.
   It affects your resistance to hostile enchantments.
   It lets you see invisible.
   It prevents most forms of teleportation.
 I - the ring "Baockuor" (right hand) {+Inv rElec rC- Str+6 Dex+5 SInv}
   (You found it in the Dungeon)

   [ring of strength]

   It affects your strength (+6).
   It affects your dexterity (+5).
   It makes you vulnerable to cold.
   It insulates you from electricity.
   It lets you see invisible.
   It lets you turn invisible.
 J - the amulet of Huwaceah (around neck) {Reflect rElec MP-9 Dex+6 SH+2 SInv}
   (You found it in the Dungeon)

   [amulet of reflection]

   It shields you and reflects attacks.
   It affects your dexterity (+6).
   It insulates you from electricity.
   It affects your magic capacity (-9).
   It lets you see invisible.
   It affects your SH (+2).
 N - the ring of Beov (left hand) {*Drain rPois rF+ Dex+4 SInv}
   (You found it in the Dungeon)

   [ring of poison resistance]

   It affects your dexterity (+4).
   It protects you from fire.
   It protects you from poison.
   It lets you see invisible.
   It causes draining when unequipped.
Wands
 y - a wand of disintegration (7)
 B - a wand of iceblast (3)
 C - a wand of acid (2)
Scrolls
 j - 3 scrolls of brand weapon
 k - 2 scrolls of blinking
 p - 4 scrolls of amnesia
 q - 7 scrolls of fog
 r - a scroll of holy word
 s - 5 scrolls of identify
 t - 5 scrolls of remove curse
 u - 2 scrolls of fear
Potions
 d - 6 potions of might
 e - 10 potions of curing
 g - 9 potions of heal wounds
 h - 10 potions of haste
 i - 7 potions of magic
 v - 2 potions of brilliance
 w - 2 potions of invisibility
 x - 4 potions of resistance
 A - 4 potions of agility
Books
 a - a manual of Translocations
 m - a manual of Crossbows
 D - a manual of Maces & Flails
 H - a manual of Translocations
 L - a manual of Short Blades
 P - a manual of Throwing
 R - a manual of Slings
Miscellaneous
 b - a phial of floods
 c - a lamp of fire
 G - a fan of gales
Comestibles
 f - 10 rations


   Skills:
 O Level 27 Fighting
 O Level 27 Axes
 O Level 27 Armour
 O Level 27 Dodging
 + Level 26.5 Shields
 + Level 20.5 Spellcasting
 O Level 27 Invocations
 + Level 24.2 Evocations


You had 60 spell levels left.
You didn't know any spells.

Dungeon Overview and Level Annotations

Branches:
Dungeon (1/1)

Altars:
Ashenzari
Cheibriados
Dithmenos
Elyvilon
Fedhas
Gozag
Hepliaklqana
Kikubaaqudgha
Makhleb
Nemelex Xobeh
Okawaru
Qazlal
Ru
Sif Muna
Trog
Uskayaw
Vehumet
Wu Jian
Xom
Yredelemnul
Zin
The Shining One
Beogh
Jiyva
Lugonu


Innate Abilities, Weirdness & Mutations

You reflexively headbutt those who attack you in melee.
You have a pair of horns on your head.


Message History

You see here a dagger.
You see here a box of beasts.
L - a manual of Short Blades You start resting.
You see here a box of beasts.
You see here a dagger.
You see here a +3 spear of piercing.
There is a transporter here.
An exit appears before you!
You enter the transporter and appear at another place.
Found the Orb of Zot.
Found a staircase leading out of the dungeon.
You see here the Orb of Zot.
You see here the Orb of Zot.
You pick up the Orb of Zot!
The Orb lets out a hideous shriek!
The lords of Pandemonium are not amused.
Beware!
Now all you have to do is get back out of the dungeon!
There is a staircase leading out of the dungeon here.
You can't go down here!
You have escaped!

..[)..).....▓..▓..(....▓..▓...8©8
....)[[.)...▓.▓▓▓.....▓▓▓.▓..)|).
....†.......▓..▓...(...▓..▓..}.}|
...)........▓.............▓....[.
...).)).....▓......©......▓......
...).)......▓▓▓▓▓▓▓▓▓▓▓▓▓▓▓....()
▓.......▓...▓8888888888888▓....)(
▓▓.....▓▓ ..▓8..§§§.§....8▓..▓.()
▓.......▓...▓8.§@§....©..8▓.▓....
............▓8...........8▓....©.
....©.......▓8888888888888▓▓▓▓▓▓▓
▓▓▓▓▓▓▓▓▓▓▓▓▓▓▓▓▓▓▓▓▓▓▓▓▓▓▓▓▓▓▓▓▓
)....8©8.[}..)..▓........8©8.)...
}.......).).):|.▓=[)).)|}).}}.(.:
[.}.)..)..}.|::.▓..|:....[[..=[")
):...[|))...|.}.▓.))([:....(.|.:[
..[))))().)}))..▓.=..............


There were no monsters in sight!

Vanquished Creatures
  2 juggernauts (shapeshifter) (D)
  An ancient lich (D)
  A greater mummy (D)
  3 shard shrikes (shapeshifter) (D)
  5 pearl dragons (D)
  2 electric golems (D)
  An Orb Guardian (D)
  2 titans (shapeshifter) (D)
  A quicksilver dragon (shapeshifter) (D)
  2 deep elf blademasters (D)
  2 liches (D)
  A titan (D)
  9 quicksilver dragons (D)
  7 deep elf master archers (D)
  An acid blob (shapeshifter) (D)
  A thorn hunter (D)
  7 storm dragons (D)
  3 nagarajas (D)
  A draconian knight (D)
  6 daevas (D)
  A frost giant (D)
  6 iron dragons (D)
  9 deep elf sorcerers (D)
  A deep elf elementalist (D)
  A draconian scorcher (D)
  2 angels (D)
  2 spriggan defenders (D)
  A draconian stormcaller (D)
  A draconian annihilator (D)
  20 stone giants (D)
  9 ophanim (D)
  6 vampire knights (D)
  4 ghouls (D)
  9 apis (D)
  A stone giant (shapeshifter) (D)
  An entropy weaver (shapeshifter) (D)
  5 deep elf annihilators (D)
  8 green draconians (D)
  5 yellow draconians (D)
  3 red draconians (D)
  5 black draconians (D)
  2 white draconians (D)
  5 purple draconians (D)
  10 crystal guardians (D)
  3 merfolk javelineers (D)
  A mummy priest (D)
  7 merfolk impalers (D)
  7 deep elf high priests (D)
  A great orb of eyes (D)
  4 naga warriors (D)
  8 anacondas (D)
  14 spriggan air magi (D)
  8 merfolk aquamancers (D)
  4 two-headed ogres (D)
  3 dancing weapons (D)
  A death yak (D)
  A centaur warrior (D)
  4 vampire magi (D)
  6 spriggan berserkers (D)
  3 deep elf knights (D)
  4 small abominations (D)
  A fire crab (shapeshifter) (D)
  An unseen horror (D)
  8 skeletal warriors (D)
  26 iron golems (D)
  2 cherubim (D)
  2 spriggan druids (D)
  4 sea snakes (D)
  A sea snake (shapeshifter) (D)
  A lindwurm (shapeshifter) (D)
  2 shambling mangroves (D)
  2 deep elf archers (D)
  3 large abominations (D)
  An ironbrand convoker (D)
  2 necromancers (D)
  A salamander (shapeshifter) (D)
  2 manticores (shapeshifter) (D)
  A glowing shapeshifter (D)
  9 deep elf magi (D)
  An oklob plant (D)
  A faun (shapeshifter) (D)
  2 cyclopes (D)
  A moth of wrath (D)
  A wolf spider (shapeshifter) (D)
  3 manticores (D)
  A cyclops (shapeshifter) (D)
  A faun (D)
  3 black mambas (D)
  3 guardian serpents (D)
  An elephant (shapeshifter) (D)
  2 naga magi (D)
  2 torpor snails (shapeshifter) (D)
  A water nymph (D)
  4 gargoyles (D)
  2 spiny frogs (D)
  An eye of devastation (shapeshifter) (D)
  2 yaktaurs (shapeshifter) (D)
  A dryad (D)
  2 rime drakes (shapeshifter) (D)
  A polar bear (shapeshifter) (D)
  2 trolls (D)
  3 guardian mummies (D)
  2 jumping spiders (shapeshifter) (D)
  9 wind drakes (D)
  A troll (shapeshifter) (D)
  2 polar bears (D)
  A snapping turtle (shapeshifter) (D)
  A wind drake (shapeshifter) (D)
  A slime creature (shapeshifter) (D)
  8 merfolk (D)
  2 hippogriffs (D)
  A hippogriff (shapeshifter) (D)
  A dream sheep (shapeshifter) (D)
  A snapping turtle (D)
  7 air elementals (D)
  3 vampires (D)
  2 water elementals (D)
  4 redbacks (shapeshifter) (D)
  8 shadows (D)
  A wyvern (D)
  A yak (D)
  A tarantella (shapeshifter) (D)
  A basilisk (D)
  A hog (shapeshifter) (D)
  7 insubstantial wisps (D)
  7 nagas (D)
  An acid dragon (D)
  A soldier ant (shapeshifter) (D)
  8 water moccasins (D)
  3 necrophages (D)
  An ice beast (D)
  An ogre (D)
  3 phantoms (D)
  5 centaurs (D)
  2 wolves (D)
  19 earth elementals (D)
  2 bullfrogs (D)
  6 wights (D)
  2 quasits (D)
  2 orc priests (D)
  An iron imp (D)
  3 orc wizards (D)
  A mummy (D)
  4 adders (D)
  A shadow imp (D)
  An adder skeleton (D)
  5 adder zombies (D)
  An orc (D)
  4 bat skeletons (D)
  A bat zombie (D)
  4 ball pythons (D)
  A ball python zombie (D)
  A giant cockroach zombie (D)
  2 leopard gecko skeletons (D)
  2 leopard gecko zombies (D)
  2 quokka skeletons (D)
  A quokka zombie (D)
  32 briar patches (D)
  A butterfly (D)
  2 crawling corpses (D)
563 creatures vanquished.

Vanquished Creatures (others)
  An electric golem (D)
  A titan (D)
  A deep elf master archer (D)
  A fire elemental (D)
  A naga (D)
  An adder (D)
  2 briar patches (D)
8 creatures vanquished.

Grand Total: 571 creatures vanquished

Notes
Turn   | Place    | Note
-------+----------+-------------------------------------------
     0 | D        | Found the +6 Majin-Bo {vamp, Archmagi MP+6 Int+6}
     0 | D        | Found the +7 great mace "Firestarter" {inner flame, rF++}
     0 | D        | KristoblXynda the Minotaur Fighter began the quest for the Orb.
     0 | D        | Reached XP level 1. HP: 19/19 MP: 0/0
     3 | D        | Found a blossoming altar of Fedhas.
     5 | D        | Found a viscous altar of Jiyva.
     5 | D        | Found a hazy altar of Hepliaklqana.
     5 | D        | Found a transporter.
     5 | D        | Found an opulent altar of Gozag.
     5 | D        | Found an ancient bone altar of Kikubaaqudgha.
     5 | D        | Found a corrupted altar of Lugonu.
     9 | D        | Found a burning altar of Makhleb.
    10 | D        | Found a sacrificial altar of Ru.
    10 | D        | Found a stormy altar of Qazlal.
    10 | D        | Found a deep blue altar of Sif Muna.
    10 | D        | Found an iron altar of Okawaru.
    10 | D        | Found a bloodstained altar of Trog.
    10 | D        | Found a sparkling altar of Nemelex Xobeh.
    52 | D        | Reached skill level 5 in Axes
    52 | D        | Reached skill level 5 in Armour
    52 | D        | Reached skill level 5 in Shields
    52 | D        | Reached XP level 2. HP: 26/26 MP: 1/1
    61 | D        | Became a worshipper of Qazlal Stormbringer
    73 | D        | Entered arena 2.
    73 | D        | Found a transporter.
    74 | D        | Reached XP level 3. HP: 31/31 MP: 2/2
   134 | D        | Entered arena 3.
   134 | D        | Noticed an ice beast
   134 | D        | Noticed a polar bear
   134 | D        | Noticed a polar bear
   134 | D        | Found a transporter.
   139 | D        | Killed an ice beast
   139 | D        | Reached * piety under Qazlal
   139 | D        | Reached XP level 4. HP: 39/39 MP: 3/3
   139 | D        | Reached XP level 5. HP: 45/45 MP: 4/4
   140 | D        | Killed a polar bear
   140 | D        | Reached skill level 10 in Armour
   140 | D        | Reached skill level 10 in Shields
   140 | D        | Reached XP level 6. HP: 51/51 MP: 5/5
   142 | D        | Killed a polar bear
   142 | D        | Reached skill level 10 in Axes
   142 | D        | Reached XP level 7. HP: 47/57 MP: 6/6
   197 | D        | Entered arena 4.
   197 | D        | Found a transporter.
   198 | D        | Reached ** piety under Qazlal
   202 | D        | Reached skill level 1 in Invocations
   265 | D        | Entered arena 5.
   265 | D        | Noticed a centaur warrior
   265 | D        | Noticed an ironbrand convoker
   265 | D        | Found a transporter.
   271 | D        | Reached *** piety under Qazlal
   272 | D        | Killed an ironbrand convoker
   272 | D        | Reached XP level 8. HP: 64/64 MP: 7/10
   273 | D        | Killed a centaur warrior
   273 | D        | Killed an unseen horror
   273 | D        | Reached XP level 9. HP: 70/70 MP: 7/13
   337 | D        | Entered arena 6.
   337 | D        | Noticed a great orb of eyes
   337 | D        | Found a transporter.
   339 | D        | Reached **** piety under Qazlal
   343 | D        | Paralysed by a great orb of eyes for 5 turns
   349 | D        | Killed a great orb of eyes
   349 | D        | Reached ***** piety under Qazlal
   349 | D        | Reached skill level 5 in Fighting
   358 | D        | Entered arena 7.
   358 | D        | Noticed a merfolk
   358 | D        | Noticed a merfolk
   358 | D        | Noticed a merfolk
   360 | D        | Found a transporter.
   367 | D        | Killed a merfolk
   367 | D        | Reached skill level 1 in Evocations
   373 | D        | Killed a merfolk
   377 | D        | Killed a merfolk
   377 | D        | Reached XP level 10. HP: 70/84 MP: 15/15
   387 | D        | Got the ring "Qodailobai" {Str+2 Dex+3}
   405 | D        | Entered arena 8.
   406 | D        | Found a transporter.
   408 | D        | Reached skill level 5 in Dodging
   410 | D        | Reached ****** piety under Qazlal
   422 | D        | Got the +9 war axe "Tormentor" {holy, MP-9 Str+4}
   426 | D        | Got the ring "Limatuc" {rCorr Str+3}
   469 | D        | Entered arena 9.
   469 | D        | Noticed a mummy priest
   469 | D        | Noticed a greater mummy
   470 | D        | Noticed a flayed ghost
   470 | D        | Found a transporter.
   477 | D        | HP: 4/88 [greater mummy (20)]
   481 | D        | Noticed a rust devil
   481 | D        | Noticed a smoke demon
   481 | D        | Killed a mummy priest
   492 | D        | Killed a greater mummy
   492 | D        | Reached skill level 10 in Fighting
   492 | D        | Reached skill level 15 in Axes
   492 | D        | Reached skill level 15 in Armour
   492 | D        | Reached skill level 15 in Shields
   492 | D        | Reached skill level 10 in Invocations
   492 | D        | Reached XP level 11. HP: 32/99 MP: 4/17
   492 | D        | Noticed a reaper
   543 | D        | Identified a +0 pair of boots of running (You found it in the Dungeon)
   791 | D        | Entered arena 10.
   792 | D        | Found the +3 salamander hide armour {+Rage rF++}
   792 | D        | Found a transporter.
   813 | D        | Entered arena 11.
   814 | D        | Found a transporter.
   833 | D        | Got the ring "Baockuor" {+Inv rElec rC- Str+6 Dex+5 SInv}
   843 | D        | Entered arena 12.
   844 | D        | Noticed a death yak
   845 | D        | Found a transporter.
   856 | D        | Killed a death yak
   871 | D        | Entered arena 13.
   871 | D        | Noticed a two-headed ogre
   871 | D        | Noticed a two-headed ogre
   871 | D        | Noticed a stone giant
   871 | D        | Noticed a frost giant
   872 | D        | Noticed a two-headed ogre
   872 | D        | Noticed a two-headed ogre
   873 | D        | Found a transporter.
   882 | D        | Killed a two-headed ogre
   883 | D        | Killed a two-headed ogre
   883 | D        | Reached skill level 10 in Dodging
   883 | D        | Reached XP level 12. HP: 88/110 MP: 19/19
   885 | D        | Killed a frost giant
   885 | D        | Killed a two-headed ogre
   886 | D        | Killed a stone giant
   888 | D        | Killed a two-headed ogre
  1050 | D        | Entered arena 14.
  1051 | D        | Noticed an anaconda
  1056 | D        | Killed an anaconda
  1068 | D        | Found a transporter.
  1085 | D        | Entered arena 15.
  1086 | D        | Noticed an Orb Guardian
  1086 | D        | Noticed a green draconian
  1086 | D        | Noticed a purple draconian
  1086 | D        | Noticed a white draconian
  1086 | D        | Noticed a purple draconian
  1086 | D        | Noticed a red draconian
  1086 | D        | Noticed a black draconian
  1087 | D        | Noticed a yellow draconian
  1087 | D        | Noticed a green draconian
  1087 | D        | Noticed a green draconian
  1087 | D        | Noticed a purple draconian
  1088 | D        | Noticed a quicksilver dragon
  1089 | D        | Killed a green draconian
  1089 | D        | Killed a purple draconian
  1089 | D        | Killed a black draconian
  1089 | D        | Killed a green draconian
  1096 | D        | Killed a purple draconian
  1096 | D        | Reached XP level 13. HP: 116/116 MP: 13/22
  1097 | D        | Found a transporter.
  1100 | D        | Killed a yellow draconian
  1100 | D        | Killed a purple draconian
  1100 | D        | Killed a green draconian
  1100 | D        | Killed a quicksilver dragon
  1102 | D        | Killed an Orb Guardian
  1105 | D        | Killed a white draconian
  1106 | D        | Killed a red draconian
  1166 | D        | Entered arena 16.
  1167 | D        | Noticed a merfolk impaler
  1167 | D        | Noticed a merfolk impaler
  1172 | D        | Found a transporter.
  1186 | D        | Killed a merfolk impaler
  1206 | D        | Killed a merfolk impaler
  1206 | D        | Reached skill level 15 in Invocations
  1281 | D        | Entered arena 17.
  1283 | D        | Noticed a quicksilver dragon
  1283 | D        | Noticed a crystal guardian
  1283 | D        | Noticed a stone giant
  1285 | D        | Noticed a stone giant
  1293 | D        | Killed a quicksilver dragon
  1293 | D        | Killed a stone giant
  1293 | D        | Reached skill level 15 in Dodging
  1298 | D        | Killed a crystal guardian
  1299 | D        | Killed a stone giant
  1299 | D        | Reached XP level 14. HP: 106/129 MP: 16/24
  1326 | D        | Found a transporter.
  1469 | D        | Entered arena 18.
  1485 | D        | Found a transporter.
  1508 | D        | Reached skill level 15 in Fighting
  1562 | D        | Entered arena 19.
  1564 | D        | Noticed an iron dragon
  1564 | D        | Noticed a stone giant
  1565 | D        | Noticed an iron dragon
  1565 | D        | Noticed an iron dragon
  1565 | D        | Noticed a stone giant
  1565 | D        | Noticed a stone giant
  1567 | D        | Found a transporter.
  1568 | D        | Killed a stone giant
  1568 | D        | Killed a stone giant
  1569 | D        | Killed a stone giant
  1578 | D        | Killed an iron dragon
  1583 | D        | Killed an iron dragon
  1586 | D        | Killed an iron dragon
  1619 | D        | Got the ring of Wariness {rElec rN+ Str+7 Int-2}
  1623 | D        | Got the Grimoire of the Eleven Tables
  1631 | D        | Got the amulet of Huwaceah {Reflect rElec MP-9 Dex+6 SH+2 SInv}
  1769 | D        | Entered arena 20.
  1773 | D        | Noticed a yellow draconian knight
  1773 | D        | Noticed a green draconian scorcher
  1773 | D        | Noticed a black draconian stormcaller
  1775 | D        | Noticed a purple draconian annihilator
  1775 | D        | Reached skill level 1 in Spellcasting
  1775 | D        | Reached XP level 15. HP: 77/147 MP: 16/27
  1776 | D        | Killed a green draconian scorcher
  1776 | D        | Reached skill level 5 in Spellcasting
  1779 | D        | Found a transporter.
  1783 | D        | Killed a yellow draconian knight
  1838 | D        | Got the Catalogue of Quantum Boosts
  1933 | D        | Entered arena 21.
  1937 | D        | Noticed a nagaraja
  1938 | D        | Noticed a nagaraja
  1940 | D        | Noticed a nagaraja
  1947 | D        | Killed a nagaraja
  1955 | D        | Killed a nagaraja
  1956 | D        | Found a transporter.
  1959 | D        | Killed a nagaraja
  1973 | D        | Got the amulet "Reesuf" {Reflect +Blink SH+4}
  1978 | D        | Got the amulet "Gechinachi" {Fragile +Fly rF+++ Regen+ Slay-6}
  2002 | D        | Entered arena 22.
  2007 | D        | Noticed a thorn hunter
  2008 | D        | Reached XP level 16. HP: 132/165 MP: 18/29
  2009 | D        | Killed a thorn hunter
  2033 | D        | Found the cursed necklace of Bloodlust {*Rage +Rage MR++ Int-3 Slay+6 *Curse}
  2064 | D        | Found a transporter.
  2068 | D        | Got the ring "Tothregir" {-Tele rC+ Str+3 Stlth+}
  2111 | D        | Entered arena 23.
  2116 | D        | Noticed a pearl dragon
  2117 | D        | Noticed a pearl dragon
  2118 | D        | Noticed a pearl dragon
  2120 | D        | Noticed a pearl dragon
  2121 | D        | Killed a pearl dragon
  2122 | D        | Noticed a pearl dragon
  2122 | D        | Reached skill level 10 in Spellcasting
  2122 | D        | Killed a pearl dragon
  2122 | D        | Killed a pearl dragon
  2122 | D        | Reached skill level 10 in Evocations
  2122 | D        | Killed a pearl dragon
  2122 | D        | Reached XP level 17. HP: 147/179 MP: 13/31
  2129 | D        | Killed a pearl dragon
  2134 | D        | Reached skill level 27 in Armour
  2148 | D        | Found a transporter.
  2212 | D        | Got the cursed ring "Qoethod" {rF- rC+ MP+9 Int-2 Dex+4}
  2215 | D        | Got the ring "Wesyatsonoi" {rF+ MR- Slay+2 Stlth+}
  2267 | D        | Entered arena 24.
  2273 | D        | Noticed a titan
  2274 | D        | Noticed an electric golem
  2274 | D        | Noticed an electric golem
  2274 | D        | Noticed an electric golem
  2275 | D        | Found a transporter.
  2275 | D        | Noticed a titan
  2276 | D        | Found the +8 demon blade "Leech" {vamp, rN+ AC-3 EV-3}
  2276 | D        | Killed a titan
  2276 | D        | Killed an electric golem
  2277 | D        | Killed an electric golem
  2278 | D        | Killed an electric golem
  2279 | D        | Killed a titan
  2314 | D        | Got the amulet of Zadaet {Reflect +Fly MR- Int+2 SH+3}
  2318 | D        | Got the ring "Luust" {rElec rF+ rC- MP+9 Int+3}
  2339 | D        | Entered arena 25.
  2348 | D        | Noticed a titan
  2348 | D        | Noticed a shard shrike
  2348 | D        | a glowing shapeshifter changed into a shard shrike
  2348 | D        | Noticed a shard shrike
  2348 | D        | a glowing shapeshifter changed into a shard shrike
  2349 | D        | Noticed a shard shrike
  2349 | D        | Noticed a shard shrike
  2349 | D        | Noticed a juggernaut
  2349 | D        | Noticed a titan
  2349 | D        | Noticed a shard shrike
  2349 | D        | Noticed a titan
  2349 | D        | Noticed a juggernaut
  2349 | D        | a shard shrike changed into a juggernaut
  2349 | D        | Noticed a titan
  2349 | D        | a shard shrike changed into a titan
  2350 | D        | Noticed a shard shrike
  2350 | D        | Noticed a juggernaut
  2350 | D        | a titan changed into a juggernaut
  2351 | D        | Noticed a caustic shrike
  2351 | D        | a titan changed into a caustic shrike
  2351 | D        | Noticed a shard shrike
  2351 | D        | a titan changed into a shard shrike
  2351 | D        | Noticed a titan
  2351 | D        | a shard shrike changed into a titan
  2351 | D        | Noticed a caustic shrike
  2352 | D        | Killed a shard shrike
  2352 | D        | Killed a shard shrike
  2352 | D        | Reached skill level 15 in Evocations
  2352 | D        | Killed a shard shrike
  2352 | D        | Killed a titan
  2352 | D        | Reached XP level 18. HP: 139/196 MP: 8/35
  2352 | D        | Killed a juggernaut
  2352 | D        | a caustic shrike changed into a shadow dragon
  2352 | D        | a caustic shrike changed into an acid blob
  2352 | D        | a shard shrike changed into a stone giant
  2353 | D        | Noticed a shard shrike
  2353 | D        | a juggernaut changed into a shard shrike
  2355 | D        | a shard shrike changed into a titan
  2356 | D        | Noticed a shard shrike
  2356 | D        | a titan changed into a shard shrike
  2358 | D        | Found the +10 large shield of Ignorance {rN+ Int-4}
  2361 | D        | Found a transporter.
  2361 | D        | Noticed a golden dragon
  2361 | D        | a shard shrike changed into a golden dragon
  2363 | D        | Killed a juggernaut
  2371 | D        | a golden dragon changed into a sphinx
  2377 | D        | Reached skill level 15 in Spellcasting
  2384 | D        | Got the ring of Equilibrium {rElec rC++ Dex-4 Slay+4}
  2482 | D        | Entered arena 26.
  2490 | D        | Found a transporter.
  2491 | D        | Reached skill level 27 in Fighting
  2491 | D        | Reached skill level 27 in Dodging
  2495 | D        | Reached XP level 19. HP: 165/207 MP: 20/38
  2499 | D        | Reached skill level 27 in Invocations
  2544 | D        | Got the ring "Qixumoeh" {rPois Str+3 Dex+4 Stlth+}
  2562 | D        | Got the ring of Beov {*Drain rPois rF+ Dex+4 SInv}
  2596 | D        | Got the ring of Taloymp {rF+ rC- Str+8 Int-5 SInv}
  2628 | D        | Entered arena 27.
  2642 | D        | Found the +4 arc blade {discharge, rElec}
  2652 | D        | Found a transporter.
  2714 | D        | Got the ring "Ykoa" {rPois Dex+2 Stlth+}
  2771 | D        | Entered arena 28.
  2793 | D        | Noticed an ancient lich
  2796 | D        | Reached skill level 27 in Axes
  2797 | D        | Reached XP level 20. HP: 142/216 MP: 25/42
  2797 | D        | Killed an ancient lich
  2864 | D        | Got the ring of Paso Yce {-Tele rPois MR+ SInv}
  2866 | D        | Found a transporter.
  2928 | D        | Got the Orb of Zot
  2933 | D        | Escaped with the Orb!

Vault maps used:
D:        sprint_v

Skill      XL: |  1  2  3  4  5  6  7  8  9 10 11 12 13 14 15 16 17 18 19 20 |
---------------+-------------------------------------------------------------+-----
Axes           | 5 7 9 10 11 13 14 15 16 18 19 22 27 | 27.0
Armour         | 5 6 8 10 12 13 14 15 16 18 20 22 24 26 27 | 27.0
Dodging        | 3 4 8 10 12 15 18 20 23 25 27 | 27.0
Shields        | 5 6 8 10 12 13 14 15 16 18 20 25 26 | 26.5
Invocations    | 4 7 8 10 11 13 15 18 20 22 24 26 27 | 27.0
Fighting       | 6 10 11 13 17 20 23 25 27 | 27.0
Evocations     | 2 6 7 11 15 19 23 24 | 24.2
Spellcasting   | 1 7 11 14 16 19 20 | 20.5

Action                   |  1- 3 |  4- 6 |  7- 9 | 10-12 | 13-15 | 16-18 | 19-21 || total
-------------------------+-------+-------+-------+-------+-------+-------+-------++-------
Melee: Broad axe         |       |     3 |    31 |    92 |   172 |    70 |    75 ||   443
       Headbutt          |       |     1 |    12 |    37 |    65 |    35 |    30 ||   180
Invok: Disaster Area     |       |       |       |     3 |     6 |    10 |     3 ||    22
Evoke: Wand              |     5 |     1 |     3 |       |       |       |       ||     9
       Phial of floods   |       |       |       |     1 |       |     1 |       ||     2
       Lamp of fire      |       |       |       |       |       |     1 |       ||     1
       Fan of gales      |       |       |       |       |       |     1 |       ||     1
  Use: Potion            |     1 |       |     1 |     7 |     1 |     1 |       ||    11
       Scroll            |       |       |       |     1 |       |     2 |     4 ||     7
  Eat: Ration            |       |       |       |     1 |       |     1 |       ||     2
       Chunk             |       |       |       |       |       |     1 |       ||     1
Armor: Plate armour      |     4 |     2 |    27 |    27 |       |       |       ||    60
       Gold dragon scale |       |       |       |    16 |    83 |    21 |    16 ||   136
Dodge: Dodged            |       |     8 |    14 |    28 |   132 |    42 |    54 ||   278
       Deflected         |       |       |     2 |       |    22 |     4 |     4 ||    32
Block: Shield            |     2 |     4 |    48 |   144 |   343 |   108 |   139 ||   788
       Reflection        |       |       |       |       |     6 |     8 |    10 ||    24

Table legend:
 A = Spawn XP
 B = Non-spawn XP
 C = Spawn XP percentage of total XP
 D = Spawn monster count
 E = Non-spawn monster count
 F = Spawn count percentage of total count
 G = Total turns spent on level
                    A         B        C        D         E        F      G
               +---------+---------+-------+---------+---------+-------+---------
         Total |       0 |  494501 |   0.0 |       0 |     534 |   0.0 |  2933
               +---------+---------+-------+---------+---------+-------+---------
             D |       0 |  494501 |   0.0 |       0 |     534 |   0.0 |  2933
               +---------+---------+-------+---------+---------+-------+---------
